 Dungeon Crawl Stone Soup version 0.29.1-15-g9cfb28693d (webtiles) character file.

Game seed: 14548978323592687381

330 Jase the Sneak (level 6, -13/35 HPs)
             Began as a Kobold Brigand on Mar 27, 2023.
             Blown up by Ijyb (16 damage)
             ... with a mindburst bolt
             ... on level 4 of the Dungeon.
             The game lasted 00:11:28 (4856 turns).

Jase the Sneak (Kobold Brigand)                     Turns: 4856, Time: 00:11:29

Health: -13/35     AC:  3    Str:  8    XL:     6   Next: 81%
Magic:  6/6        EV: 16    Int: 13    God:
Gold:   258        SH:  0    Dex: 18    Spells: 5/5 levels left

rFire   . . .      SeeInvis .   a - +2 dagger
rCold   . . .      Faith    .   (no shield)
rNeg    . . .      Spirit   .   b - +0 robe
rPois   .          Reflect  .   (no helmet)
rElec   .          Harm     .   c - +0 cloak
rCorr   .          Rampage  .   (no gloves)
Will    .....                   (no boots)
Stlth   +++++.....              (no amulet)
HPRegen 0.11/turn               y - ring of flight
MPRegen 0.10/turn               (no ring)

@: flying, invisible
A: small, no large weapons, nightstalker 3
a: no special abilities


You were on level 4 of the Dungeon.
You visited 1 branch of the dungeon, and saw 4 of its levels.

You collected 258 gold pieces.

Inventory:

Hand Weapons
 a - a +2 dagger (weapon)
Missiles
 d - 9 poisoned darts (quivered)
 e - 3 curare-tipped darts
 k - 28 stones
 t - 8 boomerangs
Armour
 b - a +0 robe (worn)
 c - a +0 cloak (worn)
Jewellery
 v - a +6 ring of intelligence
 y - a ring of flight (left hand)
Wands
 q - a wand of iceblast (3)
Scrolls
 f - a scroll of brand weapon {unknown}
 j - 2 scrolls of butterflies {unknown}
 l - 3 scrolls of teleportation {unknown}
 m - 5 scrolls of identify {unknown}
 o - a scroll of poison {unknown}
 r - a scroll of enchant armour {unknown}
 u - a scroll of silence {unknown}
Potions
 g - 6 potions of curing {unknown}
 i - a potion of heal wounds {unknown}
 n - 2 potions of resistance {unknown}
 p - 2 potions of might {unknown}
 s - a potion of lignification {unknown}
 w - a potion of brilliance {unknown}
 x - 2 potions of cancellation {unknown}
 z - a potion of attraction {unknown}
 A - a potion of mutation {unknown}


   Skills:
 - Level 2.1 Fighting
 * Level 6.4 Short Blades
 - Level 2.1 Throwing
 + Level 3.9 Dodging
 + Level 7.0 Stealth


You had 5 spell levels left.
You didn't know any spells.
Your spell library contained the following spells:

 Spells                   Type           Power      Damage    Failure   Level
 Apportation              Tloc           0%         N/A       30%         1
 Corpse Rot               Necr/Pois/Air  0%         N/A       97%         4
 Dispel Undead            Necr           0%         3d6       97%         4
 Alistair's Intoxication  Tmut/Pois      0%         N/A       100%        5
 Death Channel            Necr           0%         N/A       100%        6


Dungeon Overview and Level Annotations

Branches:
Dungeon (4/15)
 Temple: D:4-7

Altars:
Fedhas
Kikubaaqudgha
Trog

Annotations:
D:4 2 transporters, Ijyb


Innate Abilities, Weirdness & Mutations

You are small and have problems with some larger weapons.
You are completely attuned to the shadows.


Message History

y - a ring of flight (left hand) Ijyb the Twisted Goblin comes into view.
She is wielding a +0 hand axe, wearing a +2 leather armour of willpower and carrying a wand of mindburst (13).
You closely miss Ijyb.
Ijyb shouts!
Ijyb zaps a wand.
Your mind is blasted!
You closely miss Ijyb. Your punch misses Ijyb.
Ijyb zaps a wand.
Your mind is blasted!
You barely miss Ijyb. You barely miss Ijyb. Ijyb closely misses you.
You closely miss Ijyb. Ijyb barely misses you.
You hit Ijyb.
Ijyb is lightly wounded.
You hit Ijyb.
Ijyb is lightly wounded.
Ijyb misses you.
You hit Ijyb but do no damage.
Ijyb is lightly wounded.
Ijyb zaps a wand.
Your mind is blasted!
Ouch! That really hurt!
* * * LOW HITPOINT WARNING * * *
You hit Ijyb but do no damage.
Ijyb is lightly wounded.
You fade into invisibility!
Ijyb hits you with a +0 hand axe.
* * * LOW HITPOINT WARNING * * *
You hit Ijyb but do no damage.
Ijyb is lightly wounded.
Ijyb closely misses you.
You hit Ijyb but do no damage.
Ijyb is lightly wounded.
Ijyb misses you.
You hit Ijyb.
Ijyb is lightly wounded.
You closely miss Ijyb.
Ijyb is lightly wounded.
Ijyb closely misses you.
You hit Ijyb.
Ijyb is moderately wounded.
Ijyb zaps a wand.
Your mind is blasted!
You die...

....# ###.# #.# ######## #.#
#......# ###.#
##......###################
..#.#
#).........................
..#.#
#†##############....#######
..#.###.#######g...............
..'...........'.@.............>
..#.###.###.###........##......
..#.# #.###.#####..##.###.#####
..#.# #.#....##≈~.~≈#..##[#####
###.# #.#.###.≈≈≈~≈≈≈.###......
#.###...##≈~≈~~~≈≈≈~~##.#####
#.##..#.#≈≈≈≈~...~≈≈≈≈#.#
###.##..##.≈≈≈≈~..~.~#≈#.##
..#.##..##~~≈≈≈#~.~~≈≈≈≈≈#


You could see Ijyb (unable to see you).

Vanquished Creatures
  A necrophage (D:4)
  A hound (D:4)
  A jelly (D:4)
  An orc wizard (D:3)
  8 adders
  A worm (D:3)
  11 dart slugs
  7 orcs
  5 ball pythons
  6 endoplasms
  3 giant cockroaches
  11 goblins
  6 hobgoblins
  6 jackals
  A kobold (D:2)
  A quokka (D:1)
  5 bats
  4 frilled lizards
  6 rats
85 creatures vanquished.

Notes
Turn   | Place    | Note
-------+----------+-------------------------------------------
     0 | D:1      | Jase the Kobold Brigand began the quest for the Orb.
     0 | D:1      | Reached XP level 1. HP: 12/12 MP: 1/1
    83 | D:1      | Reached XP level 2. HP: 14/17 MP: 2/2
   691 | D:1      | Reached XP level 3. HP: 20/21 MP: 3/3
  1394 | D:2      | Reached XP level 4. HP: 26/26 MP: 4/4
  1511 | D:2      | Reached skill level 6 in Stealth
  1847 | D:2      | Found a bloodstained altar of Trog.
  2196 | D:3      | Found a faded altar of an unknown god.
  2267 | D:3      | Found a blossoming altar of Fedhas.
  2615 | D:3      | Reached XP level 5. HP: 30/30 MP: 5/5
  2978 | D:3      | Reached skill level 5 in Short Blades
  3585 | D:3      | Found an ancient bone altar of Kikubaaqudgha.
  3813 | D:4      | Reached XP level 6. HP: 15/35 MP: 6/6
  4021 | D:4      | Found a transporter.
  4516 | D:4      | Found a transporter.
  4516 | D:4      | Noticed an ancient zyme
  4544 | D:4      | Reached skill level 7 in Stealth
  4608 | D:4      | Found a bloodstained altar of Trog.
  4835 | D:4      | Noticed Ijyb
  4856 | D:4      | Blown up by Ijyb

Illustrated notes

Levels and vault maps discovered:
D:1:      grunt_arrival_crossed_arrows, layout_loops_cross, minmay_pentomino_q4
D:2:      layout_basic, basic_altar
D:3:      minmay_wonky_spiral, layout_basic, fedhas_altar_2,
          mainiacjoe_overflow_brackets, hellmonk_ecumenical_altar_leap_of_faith,
          minmay_misc_feat_alley
D:4:      kennysheep_slugbush, layout_basic, kennysheep_mini,
          gammafunk_ghost_abyssal_escape, uniq_ijyb

Skill      XL: |  1  2  3  4  5  6 |
---------------+-------------------+-----
Short Blades   | 3 4 5 6 |  6.4
Dodging        | 2 3 |  3.9
Stealth        | 6 7 |  7.0
Fighting       | |  2.1
Throwing       | |  2.1

Action                   |  1- 3 |  4- 6 || total
-------------------------+-------+-------++-------
Melee: Dagger            |    78 |   211 ||   289
       Punch             |       |     2 ||     2
  Use: Potion            |       |     2 ||     2
 Stab: Sleeping          |    18 |    20 ||    38
       Distracted        |     1 |     1 ||     2
       Invisible         |       |     3 ||     3
Armor: Robe              |     8 |    10 ||    18
Dodge: Dodged            |    32 |   118 ||   150
